 Dungeon Crawl Stone Soup version 0.26.1-2-gb8aa6d0cf2 (webtiles) character file.

Game seed: 4690876182341298225

2436 DearestLeader the Covert (level 9, 0/39 HPs)
             Began as a Spriggan Enchanter on Mar 30, 2021.
             Was an Initiate of Kikubaaqudgha.
             Slain by a wolf (7 damage)
             ... led by Grum
             ... on level 8 of the Dungeon.
             The game lasted 00:20:53 (9340 turns).

DearestLeader the Covert (Spriggan Enchanter)       Turns: 9340, Time: 00:20:53

Health: 0/39       AC:  7    Str:  4    XL:     9   Next: 24%
Magic:  10/14      EV: 16    Int: 20    God:    Kikubaaqudgha [......]
Gold:   160        SH:  5    Dex: 16    Spells: 2/14 levels left

rFire    + . .     SeeInvis +   m - +2 dagger (drain)
rCold    . . .     Faith    .   (shield restricted)
rNeg     . . .     Spirit   .   E - +0 acid dragon scales
rPois    +         Reflect  +   (helmet restricted)
rElec    .         Harm     .   a - +0 cloak
rCorr    +         Rampage  .   (gloves unavailable)
Will     +....     Rnd*Tele +   (boots unavailable)
Stlth    ++++......             l - amulet of reflection
HPRegen  0.13/turn              v - ring "Zeuvvuuree" {*Tele rPois rF+ SInv}
MPRegen  0.14/turn              p - ring of resist corrosion

@: very quick
A: very small, unfitting armour, see invisible, speed 3
a: Renounce Religion


You were on level 8 of the Dungeon.
You worshipped Kikubaaqudgha.
Kikubaaqudgha was noncommittal.
You visited 2 branches of the dungeon, and saw 9 of its levels.

You collected 268 gold pieces.
You spent 108 gold pieces at shops.

Inventory:

Hand Weapons
 f - a +0 hunting sling
 m - a +2 dagger of draining (weapon)
Missiles
 h - 291 stones
 u - 40 sling bullets
 w - 3 curare-tipped darts (quivered)
Armour
 a - a +0 cloak (worn)
 b - a +0 robe
 E - +0 acid dragon scales (worn)
Jewellery
 l - an amulet of reflection (around neck)
 p - a ring of resist corrosion (right hand)
 v - the ring "Zeuvvuuree" (left hand) {*Tele rPois rF+ SInv}
   (You bought it in a shop on level 4 of the Dungeon)

   [ring of teleportation]

   It may teleport you next to monsters.
   It protects you from fire.
   It protects you from poison.
   It lets you see invisible.
 B - an uncursed ring of see invisible
Wands
 r - a wand of random effects (19)
 F - a wand of flame (14)
 G - a wand of iceblast (10)
Scrolls
 c - 2 scrolls of amnesia
 d - 3 scrolls of fog
 j - 3 scrolls of magic mapping {unknown}
 k - 3 scrolls of noise {unknown}
 n - 9 scrolls of remove curse
 t - 2 scrolls of random uselessness {unknown}
 y - a scroll of enchant weapon {unknown}
 A - 5 scrolls of teleportation {unknown}
 C - a scroll of identify
Potions
 e - a potion of cancellation {unknown}
 g - 3 potions of might {unknown}
 i - 2 potions of attraction {unknown}
 o - a potion of brilliance {unknown}
 q - a potion of haste {unknown}
 s - 8 potions of curing
 x - 2 potions of flight {unknown}
 z - a potion of degeneration {unknown}
 D - 2 potions of lignification {unknown}


   Skills:
 * Level 9.9 Short Blades
 - Level 3.0 Dodging
 + Level 10.7 Stealth
 + Level 3.0 Spellcasting
 + Level 7.6 Hexes


You had 2 spell levels left.
You knew the following spells:

 Your Spells              Type           Power        Failure   Level
a - Corona                Hex            36%          1%          1
b - Ensorcelled Hibernat  Hex/Ice        36%          11%         2
c - Confusing Touch       Hex            33%          4%          3
d - Dazzling Flash        Conj/Hex       36%          22%         3
e - Tukima's Dance        Hex            33%          4%          3

Your spell library contained the following spells:

 Spells                   Type           Power        Failure   Level
 Gell's Gravitas          Tloc           1%           71%         3
 Metabolic Englaciation   Hex/Ice        9%           89%         5
 Yara's Violent Unravell  Hex/Tmut       9%           89%         5
 Petrify                  Tmut/Erth      3%           98%         4


Dungeon Overview and Level Annotations

Branches:
Dungeon (8/15)             Temple (1/1) D:7
   Lair: D:8-11

Altars:
Elyvilon
Fedhas
Kikubaaqudgha
Qazlal
Sif Muna
Trog
Wu Jian
Zin

Shops:
D:4 *   D:5 ?   D:6 (

Annotations:
D:5 exclusion: oklob plant
D:6 3 runed translucent doors, lasso's ghost, novice GnCj
D:8 Grum


Innate Abilities, Weirdness & Mutations

You are very small and have problems with some larger weapons.
You are too small for most types of armour.
You have supernaturally acute eyesight. (SInv)
You cover ground extremely quickly.


Message History

Anything else - Cancel.
Okay, then.
You hit the wolf but do no damage. The wolf barely misses you. x2
The wolf bites you. The wolf bites you. You block the wolf's attack.
The wolf bites you.
* * * LOW HITPOINT WARNING * * *
The wolf barely misses you.
The bullfrog skeleton seems less confused.
You see here a worker ant corpse.
An adder zombie comes into view.
Unknown command.
You closely miss the wolf.
The wolf is lightly wounded.
The wolf bites you.
* * * LOW HITPOINT WARNING * * *
Unknown command.
The wolf bites you!
You die...
Kikubaaqudgha rasps: "You have failed me!
Welcome... death!"

##...#..## #....#...#
#?# ....##...## ..#
..........## ..#
...........## #..##
............## ##....##
.............###......##
........................
.......†......hh@#
..........g....h.##
.........g........###
...Z..Z.............#
...............Z..###
......######....###
.......# #...## .......#
##.## ..#....# ..#


You could see Grum, 3 wolves, a gnoll and an adder zombie (dormant).

Vanquished Creatures
  Maggie (D:6)
  Sigmund (D:6)
  4 sky beasts
  An ice beast (D:4)
  4 ogres
  A phantom (D:4)
  A necrophage (D:6)
  A centaur (D:6)
  Blork the orc (D:5)
  2 bullfrogs
  2 vampire bats (D:4)
  A wight (D:6)
  A centaur zombie (D:5)
  A jelly (D:7)
  3 hounds
  4 orc wizards
  A centaur skeleton (D:4)
  Ijyb (D:3)
  A bullfrog skeleton (D:5)
  4 worker ants
  2 hound skeletons (D:7)
  A gnoll (D:1)
  5 adders
  3 shadow imps
  A white imp (D:7)
  An ufetubus (D:7)
  An ooze (D:4)
  An adder skeleton (D:4)
  3 worms
  2 leopard geckos
  13 orcs
  A ball python (D:6)
  3 giant cockroaches
  7 goblins
  4 hobgoblins
  3 jackals (D:5)
  2 quokkas
  15 bats
  4 frilled lizards
  2 kobolds
  A leopard gecko skeleton (D:8)
  4 rats
115 creatures vanquished.

Vanquished Creatures (others)
  A plant (D:5)
1 creature vanquished.

Grand Total: 116 creatures vanquished

Notes
Turn   | Place    | Note
-------+----------+-------------------------------------------
     0 | D:1      | DearestLeader the Spriggan Enchanter began the quest for
                  | the Orb.
     0 | D:1      | Reached XP level 1. HP: 9/9 MP: 5/5
   242 | D:1      | Reached XP level 2. HP: 13/13 MP: 6/6
   245 | D:1      | Learned a level 2 spell: Ensorcelled Hibernation
  1000 | D:1      | Reached skill level 5 in Stealth
  1179 | D:2      | Reached XP level 3. HP: 16/16 MP: 0/8
  2449 | D:3      | Noticed Ijyb
  2452 | D:3      | Killed Ijyb
  2453 | D:3      | Reached XP level 4. HP: 21/21 MP: 9/9
  3968 | D:4      | Found Fewiap's Assorted Antiques.
  3973 | D:4      | Bought a flickering bronze ring for 90 gold pieces
  3973 | D:4      | Bought a scroll labelled EQILEC CUDUIPN for 18 gold pieces
  3973 | D:4      | Identified the ring "Zeuvvuuree" {*Tele rPois rF+ SInv}
                  | (You bought it in a shop on level 4 of the Dungeon)
  4027 | D:4      | Reached skill level 6 in Stealth
  4156 | D:4      | Reached XP level 5. HP: 24/24 MP: 1/10
  4321 | D:4      | Noticed an ice beast
  4324 | D:4      | Killed an ice beast
  4325 | D:4      | Reached skill level 5 in Short Blades
  4329 | D:4      | Noticed a fire elemental
  4348 | D:4      | Reached XP level 6. HP: 28/28 MP: 3/11
  4366 | D:4      | Learned a level 3 spell: Confusing Touch
  4370 | D:4      | Learned a level 3 spell: Dazzling Flash
  4491 | D:4      | Reached skill level 7 in Stealth
  4651 | D:4      | Found a shimmering blue altar of Sif Muna.
  5080 | D:4      | Reached XP level 7. HP: 25/32 MP: 1/12
  5337 | D:4      | Found a stormy altar of Qazlal.
  5338 | D:4      | Noticed an air elemental
  5338 | D:4      | Noticed a water elemental
  5790 | D:5      | Entered Level 5 of the Dungeon
  5866 | D:5      | Reached skill level 5 in Hexes
  6001 | D:5      | Reached skill level 8 in Stealth
  6032 | D:5      | Found Hijiguce's Magic Scroll Boutique.
  6239 | D:5      | Found a blossoming altar of Fedhas.
  6248 | D:5      | Noticed Blork the orc
  6270 | D:5      | Killed Blork the orc
  6346 | D:5      | Noticed an oklob plant
  6844 | D:5      | Found a bloodstained altar of Trog.
  7078 | D:6      | Found a runed translucent gate.
  7079 | D:6      | Found a runed translucent gate.
  7080 | D:6      | Found a runed translucent gate.
  7091 | D:6      | Reached XP level 8. HP: 36/36 MP: 13/13
  7098 | D:6      | Reached skill level 9 in Stealth
  7263 | D:6      | Noticed Maggie
  7277 | D:6      | Killed Maggie
  7300 | D:6      | Found Sism's Antique Weapon Emporium.
  7342 | D:6      | Found a glowing silver altar of Zin.
  7516 | D:6      | Found a white marble altar of Elyvilon.
  7651 | D:6      | Reached skill level 10 in Stealth
  7710 | D:6      | Noticed Sigmund
  7718 | D:6      | Killed Sigmund
  7776 | D:6      | Noticed lasso's ghost (novice GnCj)
  8050 | D:7      | Reached XP level 9. HP: 39/39 MP: 7/14
  8288 | D:7      | Found a staircase to the Ecumenical Temple.
  8306 | Temple   | Entered the Ecumenical Temple
  8357 | Temple   | Became a worshipper of Kikubaaqudgha
  8387 | D:7      | Found an ornate altar of the Wu Jian Council.
  9280 | D:8      | Learned a level 3 spell: Tukima's Dance
  9300 | D:8      | Noticed Grum
  9340 | D:8      | Slain by a wolf

Illustrated notes

Levels and vault maps discovered:
D:1:      psy_arrival_radial01, layout_loops_ring, st_stairs_8,
          hangedman_decor_diamond_cutter, serial_bayou_crossing
D:2:      layout_rooms
D:3:      layout_basic, kennysheep_boxes, uniq_ijyb
D:4:      minmay_door_path, layout_basic, led_sif_pool,
          nicolae_qazlal_style_of_elements, serial_shops, shop, roderic_batcave,
          grunt_decor_junction
D:5:      layout_loops_corners, tgw_fedhas, lightli_temple_of_fire,
          serial_shops, kennysheep_little_box, uniq_blork_the_orc
D:6:      minmay_chambers_of_sixes, layout_cave_pools, elyvilon_altar_4,
          zin_scriptorium, serial_shops, shop, ebering_ghost_rock_garden,
          uniq_sigmund, uniq_maggie
D:7:      layout_loops_corners, nicolae_overflow_crystal_walls, temple_doors_e
D:8:      layout_layer_cave, chequers_temple_overflow_statue_of_worship,
          uniq_grum
Temple:   nicolae_temple_figure_eight

Skill      XL: |  1  2  3  4  5  6  7  8 |
---------------+-------------------------+-----
Short Blades   | 2 3 4 5 6 7 9 |  9.9
Stealth        | 5 6 7 8 10 | 10.7
Hexes          | 4 5 7 |  7.6
Spellcasting   | 3 |  3.0
Dodging        | |  3.0

Action                   |  1- 3 |  4- 6 |  7- 9 || total
-------------------------+-------+-------+-------++-------
Melee: Dagger            |    90 |   125 |   141 ||   356
 Fire: Hunting sling     |    13 |       |       ||    13
 Cast: Corona            |     8 |     2 |       ||    10
       Ensorcelled Hiber |    25 |    34 |    25 ||    84
       Confusing Touch   |       |     5 |    11 ||    16
       Dazzling Flash    |       |       |     2 ||     2
  Use: Scroll            |     3 |       |     3 ||     6
 Stab: Sleeping          |    18 |    13 |    26 ||    57
       Distracted        |     2 |       |     1 ||     3
       Confused          |       |     5 |     7 ||    12
       Invisible         |       |       |     1 ||     1
Armor: Robe              |    15 |    15 |       ||    30
       Acid dragon scale |       |       |     9 ||     9
Dodge: Dodged            |    75 |   105 |    53 ||   233
Block: Other             |     1 |    13 |    14 ||    28
